 Dungeon Crawl Stone Soup version 0.29.1-2-gbd0b4ee654 (webtiles) character file.

Game seed: 12928350609346354188

174 wovefish the Charlatan (level 5, 0/37 HPs)
             Began as a Human Artificer on Nov 5, 2022.
             Slain by a centaur (2 damage)
             ... on level 4 of the Dungeon.
             The game lasted 00:25:06 (5251 turns).

wovefish the Charlatan (Human Artificer)            Turns: 5251, Time: 00:25:07

Health: 0/37       AC:  4    Str: 12 (13) XL:     5   Next: 84%
Magic:  5/5        EV: 12    Int:  8 (11) God:
Gold:   130        SH:  0    Dex: 13 (15) Spells: 4/4 levels left

rFire   . . .      SeeInvis .   a - +2 mace (protect)
rCold   . . .      Faith    .   (no shield)
rNeg    . . .      Spirit   .   b - +0 leather armour
rPois   .          Reflect  .   (no helmet)
rElec   .          Harm     .   (no cloak)
rCorr   .          Rampage  .   (no gloves)
Will    .....                   f - +0 pair of boots
Stlth   ++........              (no amulet)
HPRegen 0.12/turn               (no ring)
MPRegen 0.09/turn               (no ring)

@: about to teleport
A: no striking features
a: no special abilities


You were on level 4 of the Dungeon.
You visited 1 branch of the dungeon, and saw 4 of its levels.

You collected 130 gold pieces.

Inventory:

Hand Weapons
 a - a +2 mace of protection (weapon)
 g - a +0 dagger
 s - a +0 sling of flaming
Missiles
 h - 38 stones
 m - 4 poisoned darts
Armour
 b - a +0 leather armour (worn)
 f - a +0 pair of boots (worn)
 i - a +0 plate armour
Jewellery
 q - a +6 ring of intelligence
 t - an amulet of regeneration
Wands
 c - a wand of flame (21) (quivered)
 d - a wand of charming (15)
 e - a wand of iceblast (5)
Potions
 j - 3 potions of curing


   Skills:
 + Level 1.5 Fighting
 - Level 2.0(2.3) Short Blades
 + Level 1.9(2.3) Long Blades
 + Level 1.9 Ranged Weapons
 + Level 1.0 Throwing
 - Level 2.0 Armour
 - Level 2.1 Dodging
 + Level 2.0 Stealth
 - Level 3.1 Evocations


You had 4 spell levels left.
You didn't know any spells.
Your spell library was empty.

Dungeon Overview and Level Annotations

Branches:
Dungeon (4/15)
 Temple: D:4-7

Altars:

Annotations:
D:4 Pikel


Message History

The centaur barely misses you. The centaur hits you. The centaur kicks you.
You barely miss the centaur.
The centaur hits you but does no damage.
The centaur kicks you but does no damage.
The centaur closely misses you. The centaur misses you.
Pikel barely misses you.
The lemure shouts!
You hit the centaur.
Your weapon exudes an aura of protection.
The centaur is lightly wounded.
You hear a shout!
The centaur barely misses you.
The centaur kicks you but does no damage.
The centaur completely misses you. The centaur misses you.
Pikel hits you with a +1 whip of flaming.
Pikel burns you.
You feel much better.
The centaur hits you but does no damage.
The centaur kicks you. Pikel barely misses you. The centaur closely misses you.
The centaur kicks you but does no damage.
You barely miss the centaur.
The centaur is lightly wounded.
The centaur hits you. The centaur misses you.
Pikel hits you with a +1 whip of flaming.
Pikel burns you. The centaur hits you. The centaur kicks you.
The centaur wields a +4 shortbow.
The centaur shoots an arrow.
The arrow completely misses you.
You barely miss Pikel.
Pikel hits you with a +1 whip of flaming.
Pikel burns you.
The centaur unwields a +4 shortbow.
The centaur hits you. The centaur closely misses you.
Pikel hits you with a +1 whip of flaming.
* * * LOW HITPOINT WARNING * * *
Pikel burns you.
* * * LOW HITPOINT WARNING * * *
As you read the scroll of teleportation, it crumbles to dust.
You feel strangely unstable. The centaur hits you.
* * * LOW HITPOINT WARNING * * *
The centaur kicks you.
You die...

.#######.... .# #5.#
>B# .## #..# .#.
#..# .K #..## ..#
#.§§### #### r.##
#§§§§#####..# #...#
#§§@Kr5...# .....
##§5c§....#####....c
##§5..##.<.#...#
#########....##
######


You could see Pikel, 3 lemures, a centaur and a quokka.

Vanquished Creatures
  A hound (D:3)
  An orc wizard (D:3)
  3 adders
  2 worms
  2 dart slugs
  4 orcs (D:3)
  9 ball pythons
  4 endoplasms
  5 giant cockroaches
  2 hobgoblins (D:1)
  3 jackals (D:1)
  9 kobolds
  A quokka (D:1)
  6 bats
  12 frilled lizards
  8 goblins
  7 rats
79 creatures vanquished.

Vanquished Creatures (others)
  7 plants (D:2)
7 creatures vanquished.

Grand Total: 86 creatures vanquished

Notes
Turn   | Place    | Note
-------+----------+-------------------------------------------
     0 | D:1      | wovefish the Human Artificer began the quest for the Orb.
     0 | D:1      | Reached XP level 1. HP: 15/15 MP: 1/1
   251 | D:1      | Reached XP level 2. HP: 19/21 MP: 2/2
   932 | D:1      | Reached XP level 3. HP: 23/26 MP: 3/3
  1702 | D:2      | Reached skill level 1 in Throwing
  1731 | D:2      | Reached skill level 1 in Short Blades
  1731 | D:2      | Reached skill level 1 in Long Blades
  1732 | D:2      | Reached XP level 4. HP: 14/32 MP: 4/4
  2186 | D:2      | Reached skill level 1 in Ranged Weapons
  2990 | D:3      | Reached XP level 5. HP: 27/37 MP: 5/5
  4914 | D:4      | Noticed Pikel
  4914 | D:4      | Noticed a lemure
  4914 | D:4      | Noticed a lemure
  4914 | D:4      | Noticed a lemure
  4943 | D:4      | Noticed a centaur
  5251 | D:4      | Slain by a centaur

Illustrated notes

Levels and vault maps discovered:
D:1:      dpeg_arrival_circle_labyrinth_c, layout_basic
D:2:      layout_loops_ring, st_stairs_2, minmay_misc_feat_roman,
          minmay_misc_feat_nine_boxes, minmay_lizard_king
D:3:      layout_loops_cross, chequers_serial_rivers_micro_d
D:4:      layout_layer_cave, nicolae_vehumet_altar_sigil,
          minmay_temple_entry_enclosed_plants, minmay_manual_mares,
          uniq_blork_the_orc, uniq_pikel, uniq_natasha

Skill      XL: |  1  2  3  4  5 |
---------------+----------------+-----
Throwing       | 1 |  1.0
Short Blades   | 1 2 |  2.0
Long Blades    | 1 |  1.9
Ranged Weapons | 1 |  1.9
Stealth        | 2 |  2.0
Dodging        | 2 |  2.1
Fighting       | |  1.5
Armour         | |  2.0
Evocations     | |  3.1

Action                   |  1- 3 |  4- 6 || total
-------------------------+-------+-------++-------
Melee: Club              |    11 |       ||    11
       Dagger            |    59 |       ||    59
       Mace              |    30 |    42 ||    72
 Fire: Sling             |    19 |   116 ||   135
Throw: Stone             |    10 |       ||    10
Evoke: Wand              |     3 |     5 ||     8
  Use: Potion            |     3 |     3 ||     6
       Scroll            |     1 |     6 ||     7
 Stab: Sleeping          |     3 |       ||     3
Armor: Leather armour    |    42 |    59 ||   101
       Plate armour      |    50 |       ||    50
Dodge: Dodged            |    66 |    71 ||   137
